 Dungeon Crawl Stone Soup version 0.31.0-2-g5a2aebc5c2 (webtiles) character file.

Game seed: 14624855121625336844

11975 oldmanjim the Fighter (level 11, 0/104 HPs)
             Began as a Minotaur Fighter on Jan 20, 2024.
             Was the Champion of Okawaru.
             Slain by a skyshark (3 damage)
             ... on level 2 of the Lair of Beasts.
             The game lasted 00:41:00 (8697 turns).

oldmanjim the Fighter (Minotaur Fighter)            Turns: 8697, Time: 00:41:00

Health: 0/104      AC: 19    Str: 27    XL:     11   Next: 56%
Magic:  13/13      EV:  7    Int:  5    God:    Okawaru [******]
Gold:   626        SH:  4    Dex:  9    Spells: 10/10 levels left

rFire   . . .        a - +3 spear of Cheese {venom, rC+ Str+3 Dex-2}
rCold   + . .        c - +0 buckler
rNeg    . . .        L - +0 plate armour
rPois   +            (helmet restricted)
rElec   .            (no cloak)
rCorr   .            K - +0 pair of gloves
SInv    .            (no boots)
Will    .....        D - amulet of regeneration Stlth
                     s - ring of poison resistance
HPRegen 1.17/turn    v - +4 ring of protection
MPRegen 0.13/turn

%: no passive effects
@: no status effects
A: horns 2, retaliatory headbutt
a: Renounce Religion, Heroism, Finesse, Duel, Receive Weapon, Receive Armour


You were on level 2 of the Lair of Beasts.
You worshipped Okawaru.
Okawaru was exalted by your worship.
You visited 3 branches of the dungeon, and saw 13 of its levels.

You collected 626 gold pieces.

Inventory:

Hand Weapons
 a - the +3 spear of Cheese (weapon) {venom, rC+ Str+3 Dex-2}
   (You took it off a hobgoblin on level 4 of the Dungeon)

   Str+3:     It affects your strength (+3).
   Dex-2:     It affects your dexterity (-2).
   rC+:       It protects you from cold.
 o - a +0 sling
 r - the +5 dagger of the Middle {elec, rCorr}
   (You found it on level 2 of the Dungeon)

   rCorr:     It protects you from acid and corrosion.
 S - a +4 war axe of freezing
Missiles
 d - 17 boomerangs
 i - 86 stones (quivered)
 q - 3 javelins
 y - 6 curare-tipped darts
 C - a throwing net
 N - 5 poisoned darts
Armour
 c - a +0 buckler (worn)
 K - a +0 pair of gloves (worn)
 L - a +0 plate armour (worn)
Jewellery
 g - an amulet of guardian spirit
 s - a ring of poison resistance (left hand)
 u - a +6 ring of dexterity
 v - a +4 ring of protection (right hand)
 D - an amulet of regeneration (around neck)
 G - a ring of flight
 P - a +4 ring of protection
Wands
 w - a wand of flame (39)
 M - a wand of digging (7)
 R - a wand of acid (6)
Scrolls
 j - a scroll of vulnerability
 l - 2 scrolls of revelation
 t - 2 scrolls of brand weapon
 A - a scroll of immolation
 B - a scroll of amnesia
 E - a scroll of fog
 F - a scroll of blinking {unknown}
 I - 3 scrolls of teleportation
 O - a scroll of poison {unknown}
 Q - 2 scrolls of enchant weapon
 T - a scroll of fear
Potions
 b - 2 potions of resistance {unknown}
 e - a potion of cancellation {unknown}
 f - 2 potions of degeneration {unknown}
 k - a potion of ambrosia {unknown}
 m - a potion of mutation {unknown}
 n - 3 potions of enlightenment {unknown}
 p - 4 potions of haste {unknown}
 z - a potion of magic {unknown}
 H - 7 potions of curing {unknown}
 J - a potion of might


   Skills:
 - Level 12.0 Fighting
 + Level 11.4(12.8) Axes
 - Level 9.4(11.8) Polearms
 - Level 3.0 Throwing
 - Level 10.0 Armour
 - Level 5.1 Shields
 - Level 5.0 Invocations


You had 10 spell levels left.
You didn't know any spells.
Your spell library contained the following spells:

 Spells                   Type           Power      Damage    Failure   Level
 Magic Dart               Conj           0%         1d3       99%         1
 Blink                    Tloc           0%         N/A       100%        2
 Jinxbite                 Hex            0%         N/A       100%        2
 Searing Ray              Conj           0%         2d4       100%        2
 Dazzling Flash           Conj/Hex       0%         N/A       100%        3
 Mephitic Cloud           Conj/Alch/Air  0%         N/A       100%        3
 Volatile Blastmotes      Fire/Tloc      0%         2d10      100%        3
 Fulminant Prism          Conj/Alch      0%         3d5       100%        4
 Curse of Agony           Necr           0%         N/A       100%        5
 Iskenderun's Battlesphe  Conj           0%         2d6       100%        5
 Silence                  Hex/Air        0%         N/A       100%        5
 Yara's Violent Unravell  Hex/Alch       0%         3d3       100%        5
 Bombard                  Conj/Erth      0%         9d1       100%        6
 Starburst                Conj/Fire      0%         6d3       100%        6
 Enfeeble                 Hex            0%         N/A       100%        7
 Maxwell's Capacitive Co  Air            0%         ∞         100%        8
 Call Imp                 Summ           Unusable   N/A       N/A         2
 Spellforged Servitor     Conj/Summ      Unusable   N/A       N/A         7

Dungeon Overview and Level Annotations

Branches:
Dungeon (10/15)            Temple (1/1) D:6            Lair (2/5) D:9
    Orc (0/2) D:9
  Swamp: Lair:2-3    Shoals: Lair:2-3     Snake: Lair:2-3    Spider: Lair:2-3

Altars:
Ashenzari
Cheibriados
Dithmenos
Elyvilon
Fedhas
Gozag
Hepliaklqana
Kikubaaqudgha
Makhleb
Nemelex Xobeh
Okawaru
Qazlal
Ru
Sif Muna
Trog
Uskayaw
Vehumet
Wu Jian
Xom
Yredelemnul
Zin
The Shining One

Shops:
D:1 :   D:4 :

Annotations:
D:3 1 runed translucent door, exclusion: door, Crazy Yiuf


Innate Abilities, Weirdness & Mutations

You have a pair of horns on your head.
You reflexively headbutt those who attack you in melee.


Message History

* * * LOW HITPOINT WARNING * * *
The skyshark tail-slaps you.
* * * LOW HITPOINT WARNING * * *
The skyshark tail-slaps you but does no damage.
You feel much better. The skyshark bites you!
* * * LOW HITPOINT WARNING * * *
The skyshark tail-slaps you but does no damage.
The skyshark tail-slaps you!
* * * LOW HITPOINT WARNING * * *
You feel much better. The skyshark bites you!!
* * * LOW HITPOINT WARNING * * *
The skyshark tail-slaps you but does no damage. x2
The skyshark bites you but does no damage.
You block the skyshark's attack.
The skyshark tail-slaps you but does no damage.
You feel much better. The skyshark bites you.
You block the skyshark's attack. x2
The skyshark attacks as it pursues you! The skyshark bites you!
* * * LOW HITPOINT WARNING * * *
You block the skyshark's attack. The skyshark barely misses you.
The skyshark bites you but does no damage.
The skyshark closely misses you. The skyshark tail-slaps you!
* * * LOW HITPOINT WARNING * * *
The skyshark rages.
The skyshark bites you!
* * * LOW HITPOINT WARNING * * *
The skyshark tail-slaps you but does no damage. x2
The skyshark closely misses you.
The skyshark tail-slaps you but does no damage. x2
You puncture the skyshark!
The skyshark looks as sick as possible!
The skyshark is severely wounded.
The skyshark closely misses you. You furiously retaliate!
You headbutt the skyshark.
The skyshark tail-slaps you but does no damage. x2
The skyshark barely misses you. The skyshark tail-slaps you!
* * * LOW HITPOINT WARNING * * *
The skyshark barely misses you.
As you read the scroll labelled NUEDEEGHEY, it crumbles to dust.
You assume a fearsome visage.
The skyshark is unaffected.
It was a scroll of fear.
The skyshark bites you.
You die...

..........## ...........# ..#
#P......#.... ..#
##...........# ...#
#.....#P#....## ### ....#
##.....# #...#. #P#####.....
#......# #....####...........
###.††P#####...................
.##...##........@F.............
...............................
.....................$.........
>..............................
..#...##.....................##
#.#...##.###..).............##
#......### ##...####...<....#
##..... ###...## ######P..#
#.... #.....# ...#


You could see a skyshark (berserk, extremely poisoned).

Vanquished Creatures
  Fannar (D:10)
  4 elephants (Lair:1)
  A black mamba (Lair:2)
  2 cane toads
  2 komodo dragons (Lair:1)
  3 trolls
  Grinder (D:3)
  A polar bear (Lair:2)
  A hornet (D:8)
  5 blink frogs (Lair:1)
  A shadow (D:10)
  2 wyverns
  Eustachio (D:6)
  A wraith (D:10)
  3 yaks (D:10)
  3 vampire mosquitoes (D:10)
  2 water moccasins
  5 orc warriors
  An ice beast (D:6)
  2 black bears (D:5)
  2 wolves (D:9)
  6 centaurs
  A phantom (D:6)
  5 bullfrogs
  2 scorpions
  5 wights (D:10)
  29 killer bees
  3 electric eels (D:9)
  3 jellies
  5 orc priests
  8 hounds
  A sleepcap (D:6)
  3 iguanas (D:5)
  10 orc wizards
  Terence (D:3)
  Natasha (D:2)
  6 adders
  2 shadow imps (D:6)
  4 ufetubi
  3 ribbon worms
  3 dart slugs
  62 orcs
  5 ball pythons
  3 bats (D:1)
  12 endoplasms
  6 giant cockroaches
  10 goblins
  3 hobgoblins
  3 jackals
  2 kobolds (D:1)
  2 quokkas
  6 frilled lizards
  10 rats
269 creatures vanquished.

Notes
Turn   | Place    | Note
-------+----------+-------------------------------------------
     0 | D:1      | oldmanjim the Minotaur Fighter began the quest for the Orb.
     0 | D:1      | Reached XP level 1. HP: 19/19 MP: 0/0
     2 | D:1      | Found a runed translucent door.
     4 | D:1      | Noticed a jelly
    89 | D:1      | Reached XP level 2. HP: 27/27 MP: 1/1
   124 | D:1      | Found Zuuced's Book Emporium.
   441 | D:1      | Reached skill level 4 in Fighting
   444 | D:1      | Reached XP level 3. HP: 28/33 MP: 2/2
   517 | D:2      | Reached XP level 4. HP: 41/41 MP: 3/3
   684 | D:2      | Identified the +5 dagger of the Middle {elec, rCorr}
   690 | D:2      | Reached XP level 5. HP: 47/47 MP: 4/4
   739 | D:2      | Noticed Natasha
   746 | D:2      | Killed Natasha
   798 | D:2      | You fall into a shaft and drop 2 floors!
   800 | D:4      | Found Xalytaj's Vocational Training.
  1012 | D:4      | Reached skill level 5 in Fighting
  1012 | D:4      | Reached skill level 5 in Armour
  1012 | D:4      | Reached skill level 5 in Shields
  1049 | D:4      | Reached XP level 6. HP: 56/56 MP: 5/5
  1326 | D:4      | Identified the +3 spear of Cheese {venom, rC+ Str+3 Dex-2}
  1503 | D:4      | Reached skill level 1 in Polearms
  1852 | D:3      | Reached skill level 6 in Fighting
  1944 | D:3      | Noticed Terence
  1953 | D:3      | Killed Terence
  2125 | D:3      | Reached XP level 7. HP: 35/63 MP: 6/6
  2350 | D:3      | Noticed Grinder
  2365 | D:3      | Killed Grinder
  2366 | D:3      | Reached skill level 7 in Fighting
  2523 | D:3      | Found a runed translucent door.
  2524 | D:3      | Noticed Crazy Yiuf
  2615 | D:5      | Entered Level 5 of the Dungeon
  3025 | D:5      | Reached skill level 5 in Polearms
  3201 | D:5      | Reached XP level 8. HP: 73/74 MP: 7/7
  3318 | D:6      | Reached skill level 8 in Fighting
  3643 | D:6      | Found a staircase to the Ecumenical Temple.
  3644 | D:6      | Noticed Eustachio
  3654 | D:6      | Killed Eustachio
  3660 | Temple   | Entered the Ecumenical Temple
  3671 | Temple   | Became a worshipper of Warmaster Okawaru
  3830 | D:6      | Reached skill level 9 in Fighting
  3954 | D:7      | Found a white marble altar of Elyvilon.
  4823 | D:8      | Reached * piety under Okawaru
  4824 | D:8      | Reached XP level 9. HP: 64/85 MP: 8/8
  4860 | D:8      | Found a bloodstained altar of Trog.
  5037 | D:8      | Reached skill level 10 in Fighting
  5310 | D:8      | Reached ** piety under Okawaru
  5395 | D:8      | Reached skill level 11 in Fighting
  5640 | D:8      | Reached skill level 5 in Axes
  5671 | D:8      | Reached skill level 1 in Invocations
  5854 | D:9      | Found a staircase to the Orcish Mines.
  5947 | D:9      | Reached *** piety under Okawaru
  6072 | D:9      | Reached XP level 10. HP: 89/96 MP: 10/10
  6085 | D:9      | Found a hazy altar of Hepliaklqana.
  6231 | D:9      | Found a staircase to the Lair.
  6516 | D:10     | Entered Level 10 of the Dungeon
  6643 | D:10     | Found a sacrificial altar of Ru.
  6649 | D:10     | Found a blossoming altar of Fedhas.
  6687 | D:10     | Reached skill level 12 in Fighting
  6858 | D:10     | Reached **** piety under Okawaru
  6930 | D:10     | Found a broken altar of Ashenzari.
  7376 | D:10     | Noticed Fannar
  7402 | D:10     | Killed Fannar
  7402 | D:10     | Reached ***** piety under Okawaru
  7403 | D:10     | Reached skill level 5 in Invocations
  7663 | Lair:1   | Entered Level 1 of the Lair of Beasts
  7698 | Lair:1   | Reached XP level 11. HP: 65/104 MP: 13/13
  7829 | Lair:1   | Reached skill level 1 in Throwing
  7950 | Lair:1   | Reached skill level 10 in Armour
  8052 | Lair:1   | Reached skill level 10 in Axes
  8149 | Lair:1   | Received a gift from Okawaru
  8627 | Lair:2   | Reached ****** piety under Okawaru
  8673 | Lair:2   | Noticed a skyshark
  8684 | Lair:2   | HP: 5/104 [skyshark (16)]
  8696 | Lair:2   | HP: 2/104 [skyshark (11)]
  8697 | Lair:2   | Slain by a skyshark

Illustrated notes

Levels and vault maps discovered:
D:1:      dpeg_arrival_caged_fury, layout_basic, serial_shops, shop,
          minmay_tripent
D:2:      layout_basic, basic_altar, uniq_natasha
D:3:      layout_loops_ring, uniq_grinder, uniq_crazy_yiuf_cottage, uniq_terence
D:4:      layout_cave_pools, nicolae_shop_vocational
D:5:      layout_basic
D:6:      layout_basic, minmay_temple_entry_mist,
          chequers_serial_rivers_small_a, uniq_eustachio
D:7:      layout_basic, lemuel_round_altar, kennysheep_generic_room_13
D:8:      layout_loops_ring, trog_book, kennysheep_generic_room_4
D:9:      layout_irregular_city, mainiacjoe_overflow_cross_hatched,
          erik_lair_island, hiddenorc2_lemuel, nicolae_underground_beach
D:10:     layout_loops_corners, minitemple, mainiacjoe_overflow_chevrons,
          uniq_fannar
Temple:   lightli_temple_of_artemis
Lair:1:   layout_loops_ring
Lair:2:   layout_hall_layers, guppyfry_snake_entry_garden

Skill      XL: |  1  2  3  4  5  6  7  8  9 10 11 |
---------------+----------------------------------+-----
Fighting       | 4 5 6 7 9 11 12 | 12.0
Armour         | 4 5 6 9 10 | 10.0
Axes           | 3 4 5 8 11 | 11.4
Shields        | 4 5 |  5.1
Polearms       | 2 5 7 9 |  9.4
Invocations    | 2 5 |  5.0
Throwing       | 3 |  3.0

Action                     |  1- 3 |  4- 6 |  7- 9 | 10-12 || total
---------------------------+-------+-------+-------+-------++-------
  Melee: War axe           |    56 |    95 |       |       ||   151
         Headbutt          |     6 |    18 |    53 |    69 ||   146
         Spear             |       |    54 |   370 |   363 ||   787
  Throw: Stone             |       |     5 |     6 |     6 ||    17
  Evoke: Wand              |       |       |       |     5 ||     5
    Use: Potion            |       |     1 |       |     4 ||     5
         Scroll            |       |       |     8 |     4 ||    12
   Stab: Distracted        |       |     1 |       |       ||     1
 Armour: Scale mail        |    35 |    78 |     1 |       ||   114
         Chain mail        |       |       |    44 |       ||    44
         Plate armour      |       |       |   150 |   206 ||   356
  Dodge: Dodged            |    21 |    57 |    59 |    76 ||   213
  Block: Buckler           |    12 |    33 |    42 |    42 ||   129
